Description

Rogue ZvP proxy hatch ravagery roach queen allin.

The first drone 13/14 is going to build proxy hatchery. Overlord in the main base. Army in the proxy hatch.

VOD

https://youtu.be/wuKRXLUKtXs

Build Order

Why is there no SALT encoding or Overwolf build?

  12  0:02  Drone  To Proxy Hatchery
  13  0:13  Overlord  
  16  0:52  Hatchery  
  16  0:55  Drone  
  16  1:10  Spawning Pool  
  18  1:25  Extractor  
  19  1:42  Extractor  
  19  1:55  Roach Warren  Last Drone!
  19  2:04  Queen  
  21  2:05  Zergling  Harass!
  22  2:12  Overlord  
  22  2:20  Roach x2, Overlord  
  22  2:38  Roach  
  28  2:50  Queen  
  30  2:57  Overlord  
  30  3:02  Ravager x3  
  30  3:13  Creep Tumor  Attack! Queens + Roaches + Ravagers + Lings
Spawning Tool Build Advisor. Get it on Overwolf

Go to:

Details

  • Created by: MrMody
  • Published on: Nov 27, 2017
  • Modified on: Nov 30, 2017
  • Patch: 4.0.0
Show

Export as new Build Order

Comments (0)

There are no comments. Be the first!

Create an account to comment!